Map: Sanctuary III LE

Players

Serral

  • Race: Zerg Zerg
  • League: Master
  • Spawn Location: 1:00

Reynor - Winner!

  • Race: Zerg Zerg
  • League: Master
  • Spawn Location: 7:00

VOD

Have the link to the VOD?

Description

Time

  • Played on: July 5, 2026, 9:26 a.m.
  • Length: 6:04
Show
View Real Time Build Order
Export as new Build Order

Serral Zerg 

Build Orders: 3 Hatch before Pool 

Get SALT Encoding   

  8  0:00  Drone  
  9  0:09  Drone  
  10  0:17  Drone  
  11  0:27  Overlord  
  11  0:32  Drone  
  12  0:45  Drone x2  
  14  0:50  Drone  
  15  1:00  Drone  
  16  1:09  Drone  
  17  1:18  Hatchery  
  17  1:21  Drone  
  17  1:43  Hatchery  
  17  1:46  Drone  
  17  1:49  Drone  
  17  1:53  Extractor  
  17  2:04  Spawning Pool  
  17  2:07  Drone  
  17  2:10  Drone  
  17  2:14  Drone  
  19  2:19  Drone  
  20  2:31  Drone, Overlord  
  21  2:40  Drone  
  21  2:41  Drone  
  23  2:50  Queen  
  25  2:54  Metabolic Boost  
  25  2:55  Drone  
  25  2:57  Drone  
  27  3:01  Drone  
  27  3:03  Drone  
  29  3:06  Zergling x2  
  29  3:09  Drone  
  31  3:12  Overlord  
  31  3:19  Baneling Nest  
  30  3:21  Drone  
  30  3:24  Drone  
  30  3:26  Drone  
  33  3:28  Drone  
  33  3:29  Drone  
  35  3:34  Drone  
  35  3:35  Overlord  
  35  3:38  Zergling x2  
  37  3:41  Drone x2  
  37  3:45  Drone  
  40  3:49  Zergling x2  
  40  3:50  Zergling x2  
  42  3:55  Zergling x2  
  42  3:57  Evolution Chamber  
  42  3:58  Evolution Chamber  
  42  4:00  Zergling x6  
  42  4:02  Baneling x2  
  43  4:04  Zergling x2  
  43  4:09  Zergling x6  
  47  4:12  Baneling x2  
  47  4:13  Baneling  
  47  4:17  Roach Warren  
  47  4:21  Queen  
  49  4:26  Extractor  
  49  4:28  Overlord  
  49  4:29  Drone x2  
  49  4:30  Drone  
  51  4:34  Drone  
  51  4:38  Overlord  
  52  4:46  Drone  
  52  4:47  Drone x5  
  58  4:58  Baneling  
  58  5:00  Zergling x8  
  58  5:01  Baneling  
  58  5:06  Zergling x8  
  63  5:09  Baneling x3  
  63  5:12  Baneling x2  
  61  5:18  Spore Crawler  
  61  5:19  Baneling  
  61  5:20  Baneling  
  59  5:21  Zergling x10  
  59  5:24  Baneling  
  59  5:28  Queen  
  58  5:32  Zergling x2  
  58  5:33  Zergling x2  
  58  5:40  Zergling x2  
  58  5:41  Zergling x6  
  56  5:47  Zergling x2  
Show
View Real Time Build Order
Export as new Build Order

Reynor Zerg - Winner!

Build Orders: Pool First, Zergling Baneling 

Get SALT Encoding   

  8  0:00  Drone  
  9  0:10  Drone  
  10  0:16  Drone  
  11  0:28  Overlord  
  11  0:34  Drone  
  12  0:46  Drone x2  
  14  0:51  Drone  
  15  1:00  Drone  
  16  1:08  Spawning Pool  
  15  1:11  Drone  
  16  1:20  Drone  
  17  1:36  Hatchery  
  17  1:39  Drone  
  17  1:53  Extractor  
  16  1:55  Drone, Queen  
  16  2:00  Drone  
  20  2:05  Overlord  
  20  2:14  Extractor, Drone  
  21  2:23  Drone  
  21  2:29  Drone  
  23  2:31  Queen  
  25  2:39  Drone  
  26  2:48  Drone  
  26  2:49  Overlord  
  27  2:55  Metabolic Boost  
  27  2:58  Drone  
  28  3:00  Drone  
  30  3:05  Zergling x4  
  30  3:06  Zergling x2  
  30  3:09  Zergling x2  
  33  3:18  Zergling x4  
  35  3:24  Overlord  
  35  3:28  Zergling x2  
  36  3:39  Zergling x2  
  36  3:40  Zergling x6  
  40  3:42  Zergling x2  
  40  3:43  Baneling Nest, Zergling x2  
  41  3:49  Zergling x6  
  41  3:54  Zergling x2  
  45  3:57  Overlord  
  45  4:03  Zergling x2  
  45  4:08  Overlord  
  46  4:12  Zergling x4  
  46  4:16  Zergling x4  
  50  4:18  Zergling x2  
  51  4:33  Baneling  
  51  4:34  Baneling x6  
  51  4:35  Zergling x10  
  51  4:37  Baneling  
  51  4:38  Baneling  
  56  4:39  Zergling x2  
  56  4:45  Zergling x4  
  59  4:47  Baneling  
  59  4:49  Zergling x2  
  59  4:52  Zergling x2  
  56  5:08  Zergling x2  
  56  5:09  Zergling x10  
  56  5:13  Overlord  
  61  5:18  Zergling x2  
  61  5:19  Baneling x3  
  57  5:21  Zergling x2  
  57  5:22  Zergling x2  
  57  5:31  Zergling x6  
  57  5:32  Baneling  
  56  5:35  Baneling  
  56  5:36  Zergling x2  
  56  5:40  Zergling x4  
  51  5:47  Zergling x2, Baneling  
Tags
 
Add a new tag
Caveats
  • Supply blocks, unpowered buildings, or Contaminate may cause inaccurate times.
  • Supply counts are checked every 10 seconds.